 Dungeon Crawl Stone Soup version 0.28.0-62-gf88900778d (webtiles) character file.

Game seed: 18255523315830909025

1355 cbfl8 the Spear-Bearer (level 8, -3/96 HPs)
             Began as a Merfolk Berserker on June 25, 2023.
             Was a Believer of Trog.
             Slain by an ogre
             ... wielding a +0 giant club
              (27 damage)
             ... on level 5 of the Dungeon.
             The game lasted 00:04:18 (5771 turns).

cbfl8 the Spear-Bearer (Merfolk Berserker)          Turns: 5771, Time: 00:04:18

Health: -3/96      AC:  6    Str: 17    XL:     8   Next: 63%
Magic:  8/8        EV: 11    Int:  7    God:    Trog [**....]
Gold:   82         SH:  0    Dex: 15    Spells: 7/7 levels left

rFire   . . .      SeeInvis .   o - +0 trident
rCold   . . .      Faith    .   (no shield)
rNeg    . . .      Spirit   .   k - +0 scale mail
rPois   .          Reflect  .   (no helmet)
rElec   .          Harm     .   (no cloak)
rCorr   .          Rampage  .   (no gloves)
Will    .....                   (no boots)
Stlth   ..........              (no amulet)
HPRegen 0.26/turn               (no ring)
MPRegen 0.11/turn               (no ring)

@: berserking, studying Axes, very quick
A: (nimble swimmer 2), mertail
a: Renounce Religion, Berserk, Trog's Hand


You were on level 5 of the Dungeon.
You worshipped Trog.
Trog was pleased with you.
You visited 1 branch of the dungeon, and saw 5 of its levels.

You collected 154 gold pieces.
You spent 72 gold pieces at shops.

Inventory:

Hand Weapons
 o - a +0 trident (weapon)
Armour
 k - a +0 scale mail (worn)
Wands
 i - a wand of iceblast (8)
 m - a wand of flame (22)
 n - a wand of charming (10)
Scrolls
 a - a scroll of vulnerability {unknown}
 c - 4 scrolls of teleportation
 p - a scroll of immolation {unknown}
Potions
 b - a potion of curing {unknown}
 d - a potion of resistance {unknown}
 e - a potion of flight
 f - a potion of might {unknown}
 g - a potion of mutation {unknown}
 h - a potion of degeneration {unknown}
 j - a potion of haste {unknown}
 l - a potion of lignification {unknown}


   Skills:
 + Level 5.8 Fighting
 + Level 9.2 Polearms
 + Level 2.9 Armour
 + Level 4.6 Dodging
 + Level 3.7 Stealth
 * Level 4.3 Evocations


You had 7 spell levels left.
You didn't know any spells.
Your spell library was empty.

Dungeon Overview and Level Annotations

Branches:
Dungeon (5/15)
 Temple: D:4-7

Altars:
Ashenzari

Shops:
D:2 [   D:3 *


Innate Abilities, Weirdness & Mutations

((You are very nimble when in or above water. (Stealth+, EV+, Speed+++)))
Your lower body shifts to a powerful aquatic tail in water.


Message History

You are poisoned.
The adder poisons you!
There are monsters nearby!
You puncture the adder!
You kill the adder!
Trog accepts your kill.
You feel sick.
An ogre is nearby!
You reach to attack!
You barely miss the ogre.
You feel sick.
You reach to attack!
You barely miss the ogre.
You feel sick.
You hit the ogre.
The ogre is lightly wounded.
You feel sick. The ogre hits you with a +0 giant club!
You closely miss the ogre.
The ogre is lightly wounded.
You feel sick. The ogre barely misses you.
You hit the ogre.
The ogre is lightly wounded.
You hit the ogre but do no damage.
The ogre is lightly wounded.
You feel sick. The ogre hits you with a +0 giant club!
You hit the ogre but do no damage.
The ogre is lightly wounded.
You feel sick.
You are no longer poisoned.
The ogre closely misses you.
You hit the ogre.
The ogre is lightly wounded.
You puncture the ogre!
The ogre is heavily wounded.
The ogre hits you with a +0 giant club!!
* * * LOW HITPOINT WARNING * * *
A red film seems to cover your vision as you go berserk!
You feel yourself moving faster!
You feel mighty! The ogre closely misses you.
You barely miss the ogre.
The ogre is heavily wounded.
You hit the ogre.
The ogre is severely wounded.
The ogre hits you with a +0 giant club!!
You die...

..#........#.#..#.#.#.#..#
..+........+.............+
..#........#.##.#.#.#....#
#[##)#..........#.#.# ...#
....[#+###.#.##.#.#.#....#
#........#...............#
.........+...##...........#
#........##..##.....#.#....
#........##..##.@...#.# ###
.........##.....O...#?.
.........##.........# ..
#..########.........# ...
#.. #..#........ ...
#..#......... #.
#.......... . #.......#..


You could see an ogre.

Vanquished Creatures
  Grinder (D:3)
  Menkaure (D:4)
  4 ogres
  A phantom (D:5)
  4 scorpions
  2 hounds (D:4)
  A jelly (D:4)
  An orc priest (D:4)
  A centaur zombie (D:5)
  Terence (D:3)
  3 iguanas
  An orc wizard (D:4)
  A hound zombie (D:4)
  A hound skeleton (D:5)
  3 adders
  A worm (D:2)
  A dart slug (D:2)
  5 orcs (D:4)
  5 ball pythons
  6 bats
  7 endoplasms
  3 giant cockroaches
  9 goblins
  2 hobgoblins
  4 jackals (D:2)
  2 kobolds
  3 quokkas (D:1)
  A frilled lizard (D:1)
  11 rats
86 creatures vanquished.

Vanquished Creatures (others)
  A plant (D:3)
1 creature vanquished.

Grand Total: 87 creatures vanquished

Notes
Turn   | Place    | Note
-------+----------+-------------------------------------------
     0 | D:1      | cbfl8 the Merfolk Berserker began the quest for the Orb.
     0 | D:1      | Reached XP level 1. HP: 18/18 MP: 1/1
   138 | D:1      | Reached XP level 2. HP: 24/24 MP: 2/2
   205 | D:1      | Reached skill level 5 in Polearms
   449 | D:1      | Reached XP level 3. HP: 30/30 MP: 3/3
   467 | D:1      | Reached ** piety under Trog
   872 | D:2      | Noticed an ogre
   879 | D:2      | Killed an ogre
   880 | D:2      | Reached skill level 6 in Polearms
   880 | D:2      | Reached skill level 1 in Stealth
   880 | D:2      | Reached skill level 1 in Evocations
   880 | D:2      | Reached XP level 4. HP: 27/37 MP: 4/4
   885 | D:2      | Reached XP level 5. HP: 32/42 MP: 5/5
  1023 | D:2      | Found Helyid's Antique Armour Emporium.
  1732 | D:3      | Noticed Grinder
  1740 | D:3      | Killed Grinder
  1741 | D:3      | Reached skill level 7 in Polearms
  1741 | D:3      | Reached XP level 6. HP: 49/49 MP: 6/6
  1790 | D:3      | Found a faded altar of an unknown god.
  1908 | D:3      | Noticed Terence
  1925 | D:3      | Killed Terence
  2218 | D:3      | Found Rehuck's Assorted Antiques.
  2232 | D:3      | Bought a scroll of teleportation for 72 gold pieces
  2676 | D:4      | Reached XP level 7. HP: 36/55 MP: 7/7
  3182 | D:4      | Noticed Menkaure
  3189 | D:4      | Killed Menkaure
  3190 | D:4      | Reached skill level 5 in Fighting
  3376 | D:4      | Reached skill level 8 in Polearms
  3466 | D:4      | Found a broken altar of Ashenzari.
  4405 | D:4      | Reached XP level 8. HP: 62/62 MP: 8/8
  4908 | D:5      | Entered Level 5 of the Dungeon
  5637 | D:5      | Reached skill level 9 in Polearms
  5771 | D:5      | Slain by an ogre

Illustrated notes

Levels and vault maps discovered:
D:1:      beargit_arrival_greenhouse, layout_basic
D:2:      layout_loops_ring, serial_shops, nicolae_shop_crystal
D:3:      layout_basic, shapermc_ecumenical_altar_flowoftime, serial_shops,
          nicolae_shop_overgrown_old_shop, uniq_grinder, uniq_terence
D:4:      layout_basic, lemuel_round_altar, hangedman_decor_peaks_small,
          minmay_manual_monstrance, uniq_menkaure
D:5:      layout_basic, minmay_temple_entry_glassed_door, minmay_quadrilaterals,
          uniq_eustachio

Skill      XL: |  1  2  3  4  5  6  7  8 |
---------------+-------------------------+-----
Polearms       | 5 6 7 8 9 |  9.2
Dodging        | 3 4 |  4.6
Fighting       | 4 5 |  5.8
Stealth        | 1 2 3 |  3.7
Evocations     | 1 2 3 4 |  4.3
Armour         | 2 |  2.9

Action                   |  1- 3 |  4- 6 |  7- 9 || total
-------------------------+-------+-------+-------++-------
Melee: Spear             |    74 |   110 |   131 ||   315
       Punch             |       |       |     4 ||     4
       Trident           |       |       |    63 ||    63
Invok: Berserk           |     1 |     3 |     5 ||     9
  Use: Scroll            |       |     4 |       ||     4
 Stab: Sleeping          |     5 |     3 |     3 ||    11
       Distracted        |       |     2 |       ||     2
Armor: Animal skin       |     6 |     4 |       ||    10
       Scale mail        |       |    15 |    32 ||    47
Dodge: Dodged            |    24 |    35 |    73 ||   132
